 Dungeon Crawl Stone Soup version 0.21.1 (webtiles) character file.

2956 Mgcat the Conjurer (level 9, -8/52 HPs)
             Began as a Gargoyle Fire Elementalist on Feb 4, 2018.
             Was an Initiate of Vehumet.
             Killed by the air
             ... invoked by Gastronok
              (29 damage)
             ... on level 8 of the Dungeon.
             The game lasted 00:32:32 (8746 turns).

Mgcat the Conjurer (Gargoyle Fire Elementalist)     Turns: 8746, Time: 00:32:33

Health: -8/52      AC: 21    Str: 11    XL:     9   Next: 81%
Magic:  8/18       EV: 17    Int: 25    God:    Vehumet [......]
Gold:   451        SH:  0    Dex: 10    Spells: 5/20 levels left

rFire    + . .     SeeInvis .   K - +3 flail (drain)
rCold    . . .     Gourm    .   (no shield)
rNeg     + . .     Faith    .   M - +2 robe {rF+}
rPois    ∞         Spirit   .   d - +1 hat
rElec    +         Reflect  .   x - +0 cloak
rCorr    .         Harm     .   g - +0 pair of gloves
MR       .....                  p - +1 pair of boots
Stlth    ++........             (no amulet)
HPRegen  0.17/turn              j - +4 ring of evasion
MPRegen  0.16/turn              L - +6 ring of protection

@: brilliant
A: negative energy resistance 1, electricity resistance, unbreathing,
petrification resistance, rot immunity, AC +6
a: Renounce Religion


You were on level 8 of the Dungeon.
You worshipped Vehumet.
Vehumet was noncommittal.
You were not hungry.

You visited 2 branches of the dungeon, and saw 9 of its levels.
You also visited: Ossuary.

You collected 451 gold pieces.

Inventory:

Hand Weapons
 K - a +3 flail of draining (weapon)
   (You took it off a gnoll on level 6 of the Dungeon)
Missiles
 N - a throwing net {=f, !d}
Armour
 d - a +1 hat (worn)
   (You found it on level 1 of the Dungeon)
 g - a +0 pair of gloves (worn)
   (You found it on level 1 of the Dungeon)
 p - a +1 pair of boots (worn)
   (You found it on level 1 of the Dungeon)
 x - a +0 cloak (worn)
   (You took it off Crazy Yiuf on level 3 of the Dungeon)
 M - a +2 robe of fire resistance (worn)
   (You took it off an orc wizard on level 6 of the Dungeon)
Jewellery
 j - a +4 ring of evasion (left hand)
   (You found it on level 1 of the Dungeon)
 q - an uncursed ring of protection from magic {MR+, !d}
   (You found it on level 2 of the Dungeon)
 v - a +3 ring of dexterity
   (You found it on level 7 of the Dungeon)
 C - an uncursed ring of protection from cold {rC+, !d}
   (You found it on level 4 of the Dungeon)
 J - an uncursed ring of positive energy {rN+}
   (You found it on level 5 of the Dungeon)
 L - a +6 ring of protection (right hand)
   (You took it off a gnoll on level 6 of the Dungeon)
Wands
 y - a wand of flame (38)
   (You took it off a hobgoblin on level 7 of the Dungeon)
 E - a wand of random effects (11)
   (You found it on level 5 of the Dungeon)
 F - a wand of paralysis (15)
   (You found it on level 5 of the Dungeon)
 H - a wand of acid (6)
   (You found it on level 5 of the Dungeon)
 I - a wand of clouds (3)
   (You found it on level 7 of the Dungeon)
Scrolls
 a - 3 scrolls of fear
 f - 2 scrolls of magic mapping {!r}
 i - 2 scrolls of fog
 k - 2 scrolls of teleportation
 n - 2 scrolls of remove curse
 r - 3 scrolls of enchant weapon
 s - a scroll of enchant armour
 u - 3 scrolls of blinking {!r}
 G - 4 scrolls of identify
Potions
 e - 3 potions of invisibility {unknown}
 h - 3 potions of heal wounds {unknown}
 l - a potion of might
 m - 2 potions of degeneration {unknown}
 o - 2 potions of mutation {!q}
 t - 4 potions of flight
 z - 2 potions of cancellation
 A - a potion of resistance {unknown}
 B - a potion of magic {unknown}
 D - a potion of ambrosia {unknown}
 O - a potion of brilliance
Books
 b - a book of Flames
 w - a book of Changes
   (You found it on level 3 of the Dungeon)
Comestibles
 c - 16 rations


   Skills:
 + Level 4.6 Fighting
 + Level 3.9 Dodging
 - Level 2.1 Stealth
 + Level 6.4 Spellcasting
 + Level 7.4 Conjurations
 + Level 7.4 Fire Magic


You had 5 spell levels left.
You knew the following spells:

 Your Spells              Type           Power        Failure   Level  Hunger
a - Flame Tongue          Conj/Fire      #####        1%          1    None
b - Throw Flame           Conj/Fire      ######       1%          2    None
c - Conjure Flame         Conj/Fire      ######..     1%          3    None
d - Sticky Flame          Conj/Fire      ######..     1%          4    ###....
e - Fireball              Conj/Fire      ######....   1%          5    #####..


Dungeon Overview and Level Annotations

Branches:
Dungeon (8/15)             Temple (1/1) D:4
   Lair: D:8-11

Altars:
Ashenzari
Cheibriados
Elyvilon
Hepliaklqana
Kikubaaqudgha
Makhleb
Nemelex Xobeh
Okawaru
Qazlal
Ru
Sif Muna
Trog
Uskayaw
Vehumet
Wu Jian
Xom
Yredelemnul
Zin
The Shining One

Annotations:
D:8 Gastronok


Innate Abilities, Weirdness & Mutations

You are resistant to torment.
Your stone body is resilient. (AC +6)
You are immune to poison.
You resist negative energy. (rN+)
You are resistant to electric shocks. (rElec)
You can survive without breathing.
You are immune to petrification.
You are immune to rotting.


Message History

You kill the kobold!
Vehumet accepts your kill.
You sock the kobold!
You kill the kobold!
Vehumet accepts your kill.
You barely miss the kobold. The kobold barely misses you.
You barely miss the kobold. The kobold misses you.
You barely miss the kobold. The kobold closely misses you.
The kobold misses you.
You hit the kobold.
You kill the kobold!
Vehumet accepts your kill.
No target in view!
No target in view!
Things that are here:
a short sword; a kobold corpse x2
Found a stone staircase leading up.
Done exploring.
Done exploring.
No target in view!
Done exploring.
(D) Dungeon (T) Temple
Where to? (Enter - D:7, ? - help)
What level of the Dungeon? (default 1, ? - help)
Things that are here:
a short sword; a kobold corpse x2
You see here a stone.
Items here: ))))) [[
There is a stone staircase leading down here.
You climb downwards.
There is a stone staircase leading up here.
Found a basalt altar of Yredelemnul.
Found a shattered altar of Ashenzari.
Found a stone staircase leading up.
No target in view!
Marking area around Gastronok as unsafe for travelling.
Gastronok the Ponderous comes into view.
Unknown command.
Unknown command.
You start waiting.
Casting: Sticky Flame
Confirm with . or Enter, or press ? or * to list all spells.
Aiming: Sticky Flame
Press: ? - help, Shift-Dir - straight line, f - Gastronok
Aim: Gastronok, wearing an embroidered hat The sticky flame hits Gastronok.
Gastronok is lightly wounded.
Gastronok is covered in liquid flames!
Gastronok burns!
Gastronok bites you!
Casting: Sticky Flame
Confirm with . or Enter, or press ? or * to list all spells.
Aiming: Throw Flame
Press: ? - help, Shift-Dir - straight line, f/p - Gastronok
Aim: Gastronok, wearing an embroidered hat (lightly wounded, covered in liquid flames)
The puff of flame hits Gastronok.
Gastronok is lightly wounded.
Gastronok burns!
You hit Gastronok. You drain Gastronok!
Gastronok is lightly wounded.
Gastronok burns! x2; Gastronok closely misses you.
Casting: Throw Flame
Confirm with . or Enter, or press ? or * to list all spells.
Aiming: Throw Flame
Press: ? - help, Shift-Dir - straight line, f/p - Gastronok
Aim: Gastronok, wearing an embroidered hat (lightly wounded, covered in liquid flames, lightly drained)
The puff of flame hits Gastronok.
Gastronok is lightly wounded.
Gastronok burns!
Casting: Throw Flame
Confirm with . or Enter, or press ? or * to list all spells.
Aiming: Flame Tongue
Press: ? - help, Shift-Dir - straight line, f/p - Gastronok
Aim: Gastronok, wearing an embroidered hat (moderately wounded, covered in liquid flames, lightly drained)
The flame tongue hits Gastronok.
Gastronok is moderately wounded.
Gastronok burns!
Gastronok bites you!
Casting: Flame Tongue
Confirm with . or Enter, or press ? or * to list all spells.
Aiming: Flame Tongue
Press: ? - help, Shift-Dir - straight line, f/p - Gastronok
Aim: Gastronok, wearing an embroidered hat (moderately wounded, covered in liquid flames, lightly drained)
The flame tongue hits Gastronok.
Gastronok is moderately wounded.
Gastronok burns!
Casting: Flame Tongue
Confirm with . or Enter, or press ? or * to list all spells.
Aiming: Flame Tongue
Press: ? - help, Shift-Dir - straight line, f/p - Gastronok
Aim: Gastronok, wearing an embroidered hat (moderately wounded, covered in liquid flames, lightly drained)
The flame tongue hits Gastronok.
Gastronok is moderately wounded.
Gastronok burns!
Gastronok barely misses you.
You feel clever all of a sudden.
Gastronok burns!
You hit Gastronok.
Gastronok is heavily wounded.
Gastronok burns!
Gastronok waves his eye-stalks in wide circles.
The air twists around and strikes you!
Ouch! That really hurt!
You die...

.. #. ... #.
....(#.
.^.w.#.##
........#
........######
..... #....w.#
#...#..###@# .
#<.....###.#
##.#.####..#..#
...#.#..#..#.##
#......##.#.
#.........#.#
#...........#
.##.....######
.........#


You could see Gastronok (burning).

Vanquished Creatures
  Prince Ribbit (D:6)
  Grinder (D:6)
  Sigmund (D:6)
  A hungry ghost (D:7)
  Menkaure (D:5)
  2 ice beasts
  An orc warrior (D:7)
  A sky beast (D:5)
  A black bear (D:7)
  2 ogres
  A big kobold (D:7)
  A bullfrog (D:6)
  An elf zombie (Ossuary)
  A gnoll sergeant (D:6)
  A crimson imp (D:6)
  A centaur zombie (Ossuary)
  A bullfrog zombie (D:5)
  5 human zombies (Ossuary)
  A hound (D:6)
  An orc priest (D:4)
  Crazy Yiuf (D:3)
  3 iguanas
  7 orc wizards
  Jessica (D:3)
  Natasha (D:3)
  6 worker ants
  Terence (D:3)
  A hound zombie (D:5)
  3 mummies
  A hound skeleton (D:6)
  A worker ant zombie (D:7)
  12 gnolls (D:6)
  6 adders
  An adder zombie (Ossuary)
  An adder skeleton (D:7)
  A worm (D:4)
  5 dart slugs
  9 leopard geckos
  15 orcs
  A ball python (D:3)
  6 bats
  13 giant cockroaches
  12 goblins
  7 hobgoblins
  12 jackals
  13 kobolds
  2 frilled lizards (D:1)
  9 hobgoblin zombies
  11 kobold zombies (Ossuary)
  A leopard gecko skeleton (D:7)
  9 orc zombies
  4 rats
  A rat zombie (Ossuary)
203 creatures vanquished.

Vanquished Creatures (others)
  A scorpion (D:4)
1 creature vanquished.

Grand Total: 204 creatures vanquished

Notes
Turn   | Place    | Note
-------+----------+-------------------------------------------
     0 | D:1      | Mgcat the Gargoyle Fire Elementalist began the quest for the Orb.
     0 | D:1      | Reached XP level 1. HP: 10/10 MP: 3/3
   177 | D:1      | Reached XP level 2. HP: 15/15 MP: 5/5
   813 | D:1      | Reached skill level 2 in Conjurations
   813 | D:1      | Reached XP level 3. HP: 19/19 MP: 4/6
  1153 | D:2      | Learned a level 2 spell: Throw Flame
  1157 | D:2      | Learned a level 3 spell: Conjure Flame
  1332 | D:3      | Noticed Terence
  1375 | D:3      | Found a runed door.
  1621 | D:2      | Reached XP level 4. HP: 24/24 MP: 8/8
  2007 | D:2      | Reached skill level 3 in Spellcasting
  2184 | D:3      | Found a faded altar of an unknown god.
  2202 | D:3      | Reached skill level 3 in Conjurations
  2207 | D:3      | Reached skill level 4 in Fire Magic
  2207 | D:3      | Reached XP level 5. HP: 22/28 MP: 2/9
  2417 | D:3      | Found a shimmering altar of Xom.
  2640 | D:3      | Found a hide-covered altar of Uskayaw.
  2780 | D:3      | Noticed Natasha
  2830 | D:3      | Noticed Jessica
  2839 | D:3      | Killed Jessica
  2915 | D:3      | Killed Natasha
  2995 | D:3      | Found a hazy altar of Hepliaklqana.
  3049 | D:3      | Killed Terence
  3170 | D:3      | Noticed Crazy Yiuf
  3174 | D:3      | Killed Crazy Yiuf
  3174 | D:3      | Reached XP level 6. HP: 32/32 MP: 5/11
  3289 | D:4      | Found a staircase to the Ecumenical Temple.
  3298 | Temple   | Entered the Ecumenical Temple
  3468 | D:4      | Reached skill level 4 in Conjurations
  3484 | D:4      | Found a sand-covered staircase.
  3494 | Ossuary  | Entered an ossuary
  3719 | Ossuary  | Reached skill level 4 in Spellcasting
  3768 | Ossuary  | HP: 6/32 [centaur zombie (5)]
  3771 | Ossuary  | Reached skill level 5 in Fire Magic
  3771 | Ossuary  | Reached XP level 7. HP: 10/36 MP: 11/13
  3786 | Ossuary  | HP: 7/36 [something (2)]
  3786 | Ossuary  | HP: 3/36 [human zombie (4)]
  3794 | Ossuary  | HP: 1/36 [something (4)]
  3856 | Ossuary  | HP: 5/36 [elf zombie (3)]
  4319 | D:4      | Reached skill level 5 in Conjurations
  5612 | D:4      | Learned a level 4 spell: Sticky Flame
  5618 | D:4      | Learned a level 5 spell: Fireball
  5651 | D:5      | Entered Level 5 of the Dungeon
  5914 | D:5      | Found a sacrificial altar of Ru.
  5923 | D:5      | Reached skill level 5 in Spellcasting
  5923 | D:5      | Reached XP level 8. HP: 41/41 MP: 8/15
  6134 | D:5      | Reached skill level 1 in Fighting
  6134 | D:5      | Reached skill level 6 in Fire Magic
  6196 | D:5      | Reached skill level 2 in Dodging
  6198 | D:5      | Found a glowing golden altar of the Shining One.
  6206 | D:5      | Found a glowing silver altar of Zin.
  6289 | D:5      | Reached skill level 6 in Conjurations
  6294 | D:5      | Noticed Menkaure
  6299 | D:5      | Killed Menkaure
  6299 | D:5      | Reached skill level 2 in Fighting
  6515 | D:5      | Found a white marble altar of Elyvilon.
  6544 | D:6      | Noticed Sigmund
  6549 | D:6      | Killed Sigmund
  6625 | D:6      | Noticed Prince Ribbit
  6632 | D:6      | Killed Prince Ribbit
  6632 | D:6      | Reached skill level 3 in Fighting
  6632 | D:6      | Reached XP level 9. HP: 50/50 MP: 8/17
  6769 | D:6      | Reached skill level 3 in Dodging
  6776 | D:6      | Noticed Grinder
  6799 | D:6      | Killed Grinder
  6982 | D:6      | Reached skill level 6 in Spellcasting
  7155 | D:6      | Reached skill level 7 in Conjurations
  7155 | D:6      | Reached skill level 7 in Fire Magic
  7167 | D:6      | Reached skill level 4 in Fighting
  7966 | D:7      | Identified a scroll of acquirement
  7988 | D:7      | Found a radiant altar of Vehumet.
  7999 | D:7      | Became a worshipper of Vehumet
  8705 | D:8      | Found a basalt altar of Yredelemnul.
  8706 | D:8      | Found a shattered altar of Ashenzari.
  8718 | D:8      | Noticed Gastronok
  8746 | D:8      | Killed from afar by Gastronok

Skill      XL: |  1  2  3  4  5  6  7  8  9 |
---------------+----------------------------+-----
Conjurations   | 2 3 4 5 6 7 |  7.4
Spellcasting   | 3 4 5 6 |  6.4
Fire Magic     | 4 5 6 7 |  7.4
Fighting       | 3 4 |  4.6
Dodging        | 2 3 |  3.9
Stealth        | |  2.1

Action                   |  1- 3 |  4- 6 |  7- 9 || total
-------------------------+-------+-------+-------++-------
Melee: Whip              |   190 |   206 |       ||   396
       Quarterstaff      |       |    86 |    30 ||   116
       Mace              |       |       |   149 ||   149
       Flail             |       |       |   152 ||   152
 Cast: Flame Tongue      |    11 |    34 |   103 ||   148
       Throw Flame       |       |     1 |    39 ||    40
       Conjure Flame     |       |     1 |       ||     1
       Sticky Flame      |       |       |     8 ||     8
  Use: Scroll            |       |     8 |     9 ||    17
       Potion            |       |     1 |     2 ||     3
 Stab: Sleeping          |     5 |     3 |     3 ||    11
       Paralysed         |       |     2 |       ||     2
  Eat: Chunk             |     2 |     6 |    10 ||    18
       Ration            |       |     1 |     3 ||     4
Armor: Robe              |    81 |   115 |   168 ||   364
Dodge: Dodged            |   137 |   350 |   422 ||   909

Vault maps used:
D:1:      evilmike_arrival_plus
D:2:      nrook_mini_backslash, hangedman_decor_growths
D:3:      lemuel_doored_altar, chequers_temple_overflow_statue_of_worship,
          first_ration, chequers_ecumenical_altar_simple_redux, uniq_terence,
          uniq_natasha, uniq_crazy_yiuf_cottage, uniq_jessica
D:4:      minmay_temple_entry_water_ring, nicolae_ossuary_entry_giza,
          gup_sewer_entry_pipe
D:5:      good_gods_mini_temple, overflow_temple_1_default,
          nicolae_underground_beach, uniq_menkaure
D:6:      minmay_misc_feat_iff, uniq_grinder, uniq_sigmund, uniq_prince_ribbit1
D:7:      vehumet_altar_wand_db
D:8:      grunt_temple_overflow_open, serial_shops, shop, uniq_psyche,
          uniq_gastronok
Temple:   nicolae_temple_figure_zero
Ossuary:  ossuary_tomb_1

Table legend:
 A = Turns spent in this place as a percentage of turns spent in the entire game.
 B = Non-inter-level travel turns spent in this place as a percentage of non-inter-level travel turns spent in the entire game.
 C = Inter-level travel turns spent in this place as a percentage of turns spent in this place.
 D = Turns resting spent in this place as a percentage of non-inter-level travel turns spent in this place.
 E = Turns spent auto-exploring this place as a percentage of non-inter-level travel turns spent in this place.
 F = Non-inter-level travel turns spent in this place divided by the number of levels of this place that you've seen.
                   A       B       C       D       E      F
               +-------+-------+-------+-------+-------+----------------------
         Total | 100.0 | 100.0 |   3.6 |  23.9 |  49.2 | 842.7
       Dungeon |  89.2 |  88.8 |   4.1 |  22.4 |  52.3 | 935.8
        Temple |   1.5 |   1.5 |   0.0 |   0.0 |  85.3 | 129.0
       Ossuary |   9.3 |   9.6 |   0.0 |  41.0 |  15.0 | 812.0
               +-------+-------+-------+-------+-------+----------------------

Table legend:
 A = Kills in this place as a percentage of kills in entire the game.
 B = Kills by you in this place as a percentage of kills by you in the entire game.
 C = Kills by friends in this place as a percentage of kills by friends in the entire game.
 D = Other kills in this place as a percentage of other kills in the entire game.
 E = Experience gained in this place as a percentage of experience gained in the entire game.
 F = Experience gained in this place divided by the number of levels of this place that you have seen.
                   A       B       C       D       E      F
               +-------+-------+-------+-------+-------+----------------------
         Total | 100.0 | 100.0 |   N/A | 100.0 | 100.0 | 422.4
       Dungeon |  80.9 |  80.8 |   N/A | 100.0 |  89.1 | 470.6
        Temple |   0.5 |   0.5 |   N/A |   0.0 |   0.8 |  33.0
       Ossuary |  18.6 |  18.7 |   N/A |   0.0 |  10.1 | 426.0
               +-------+-------+-------+-------+-------+----------------------
